 Dungeon Crawl Stone Soup version 0.31-a0-795-g5eb97db20b (webtiles) character file.

Game seed: 11914251248341771910

44998 arthad the Protected (level 13, -1/121 HPs)
             Began as an Armataur Fighter on Sept 18, 2023.
             Was a High Priest of Cheibriados.
             Slain by a minotaur
             ... wielding a +5 vampiric whip
              (17 damage)
             ... in a Gauntlet.
             The game lasted 00:37:47 (19758 turns).

arthad the Protected (Armataur Fighter)            Turns: 19758, Time: 00:37:48

Health: -1/121     AC: 14    Str: 43    XL:     13   Next: 99%
Magic:  6/21       EV: 13    Int: 21    God:    Cheibriados [*****.]
Gold:   527        SH:  8    Dex: 24    Spells: 12/12 levels left

rFire   . . .        b - +0 morningstar (flame)
rCold   . . .        c - +0 buckler
rNeg    . . .        r - +1 ring mail of Aclorr {rPois Dex+4}
rPois   +            v - +2 helmet of the Ace of Swords {Stlth+}
rElec   .            A - +0 cloak
rCorr   .            (no gloves)
SInv    .            (no barding)
Will    .....        (no amulet)
Stlth   ++           F - +5 ring of evasion
HPRegen 0.40/turn    p - +6 ring of strength
MPRegen 0.17/turn

%: no teleportation, roll
@: studying Invocations, very slow
A: large, rugged brown scales 3, deformed body, armoured tail, roll, long
tongue, awkward tongue
a: Renounce Religion, Bend Time, Temporal Distortion, Slouch, Step From Time


You were in a Gauntlet.
You worshipped Cheibriados.
Cheibriados was extremely pleased with you.
You visited 3 branches of the dungeon, and saw 21 of its levels.
You also visited: Gauntlet.

You collected 998 gold pieces.
You spent 471 gold pieces at shops.

Inventory:

Hand Weapons
 a - the +3 triple crossbow "Taupnyto" {drain, Will- Str+4 Int+2 SInv}
   (You bought it in a shop on level 13 of the Dungeon)

   Str+4:     It affects your strength (+4).
   Int+2:     It affects your intelligence (+2).
   Will-:     It decreases your willpower.
   SInv:      It lets you see invisible.
 b - a +0 morningstar of flaming (weapon)
 d - a +1 whip of freezing
 t - a +1 whip of electrocution
 J - a +2 flail of holy wrath
 Y - a +2 whip of pain
 Z - a +0 broad axe
Missiles
 B - 2 atropa-tipped darts
 L - 5 boomerangs
 O - 9 javelins
 U - a throwing net
Armour
 c - a +0 buckler (worn)
 i - an orb of light
 k - a +0 tower shield
 r - the +1 ring mail of Aclorr (worn) {rPois Dex+4}
   (You found it on level 7 of the Dungeon)

   Dex+4:     It affects your dexterity (+4).
   rPois:     It protects you from poison
 v - the +2 helmet of the Ace of Swords (worn) {Stlth+}
   (You found it in a Gauntlet)

   Stlth+:    It makes you more stealthy.
 w - the +1 leather armour "Ruottuos" {Rampage}
   (You found it on level 5 of the Dungeon)

   Rampage:   It bestows one free step when moving towards enemies.
   Cheibriados disapproves of the use of such an item.
 y - a +0 robe of cold resistance
 A - a +0 cloak (worn)
 H - the +1 leather armour of the Wary Tables {rN++ Str+2 Dex-4 Stlth+}
   (You found it on level 7 of the Dungeon)

   Str+2:     It affects your strength (+2).
   Dex-4:     It affects your dexterity (-4).
   rN++:      It greatly protects you from negative energy.
   Stlth+:    It makes you more stealthy.
 S - a +0 troll leather armour
 X - a +1 hat of willpower
Magical Staves
 D - a staff of conjuration
Jewellery
 f - a ring of willpower
 p - a +6 ring of strength (right hand)
 F - a +5 ring of evasion (left hand)
 T - a ring of protection from cold
Wands
 e - a wand of mindburst (8)
 s - a wand of digging (1)
 E - a wand of flame (8)
 I - a wand of quicksilver (12)
 Q - a wand of paralysis (3)
 W - a wand of roots (7)
Scrolls
 g - a scroll of butterflies
 j - 3 scrolls of fear
 m - 4 scrolls of teleportation
 q - 2 scrolls of poison
 u - 2 scrolls of blinking
 x - a scroll of revelation
 C - 3 scrolls of silence
 G - 3 scrolls of fog
 M - 3 scrolls of enchant weapon
 R - a scroll of enchant armour
Potions
 l - 2 potions of resistance
 n - 2 potions of haste
 o - a potion of lignification
 z - 4 potions of mutation
 K - a potion of enlightenment
 P - 2 potions of brilliance
 V - a potion of magic
Miscellaneous
 N - a phantom mirror (inert)


   Skills:
 * Level 10.4 Fighting
 * Level 10.2 Maces & Flails
 + Level 5.9 Throwing
 * Level 13.2 Armour
 * Level 12.1 Shields
 * Level 10.8 Invocations
 + Level 5.8 Evocations


You had 12 spell levels left.
You didn't know any spells.
Your spell library contained the following spells:

 Spells                   Type           Power      Damage    Failure   Level
 Foxfire                  Conj/Fire      0%         2x1d4     22%         1
 Frozen Ramparts          Ice            0%         1d1       56%         3
 Ignite Poison            Fire/Tmut/Pois 0%         N/A       56%         3
 Inner Flame              Hex/Fire       0%         N/A       56%         3
 Volatile Blastmotes      Fire/Tloc      0%         2d10      56%         3
 Flame Wave               Conj/Fire      0%         2d4       92%         4
 Fulminant Prism          Conj/Hex       0%         3d5       92%         4
 Iskenderun's Mystic Bla  Conj/Tloc      0%         2d3       92%         4
 Manifold Assault         Tloc           0%         N/A       92%         4
 Petrify                  Tmut/Erth      0%         N/A       92%         4
 Sticky Flame             Conj/Fire      0%         2d3       92%         4
 Alistair's Intoxication  Tmut/Pois      0%         N/A       99%         5
 Borgnjor's Vile Clutch   Necr/Erth      0%         N/A       99%         5
 Metabolic Englaciation   Hex/Ice        0%         N/A       99%         5
 Yara's Violent Unravell  Hex/Tmut       0%         3d3       99%         5
 Dispersal                Tloc           0%         N/A       100%        6
 Eringya's Noxious Bog    Tmut/Pois      0%         4d6       100%        6
 Plasma Beam              Fire/Air       0%         2x1d10    100%        6
 Starburst                Conj/Fire      0%         6d3       100%        6
 Enfeeble                 Hex            0%         N/A       100%        7
 Disjunction              Tloc           0%         N/A       100%        8
 Ignition                 Fire           0%         3d3       100%        8


Dungeon Overview and Level Annotations

Branches:
Dungeon (15/15)            Temple (1/1) D:4            Lair (5/5) D:11
 Shoals (0/4) Lair:3       Spider (0/4) Lair:3          Orc (0/2) D:11
Gauntlet (1/1)
  Slime: Lair:4-5    Vaults: D:13-14     Depths: D:15

Altars:
Ashenzari
Cheibriados
Dithmenos
Elyvilon
Fedhas
Gozag
Hepliaklqana
Kikubaaqudgha
Makhleb
Nemelex Xobeh
Okawaru
Qazlal
Ru
Sif Muna
Trog
Uskayaw
Vehumet
Wu Jian
Xom
Yredelemnul
Zin
The Shining One

Shops:
D:5 *   D:11 :   D:13 ((([

Annotations:
D:10 1 transporter, Loveship's ghost, novice FoFi
D:11 6 runed translucent doors Gauntlet 6 transporters


Innate Abilities, Weirdness & Mutations

You are completely covered in rugged brown scales. (AC +3, +7% HP)
Armour fits poorly on your strangely shaped body.
You have a long armoured tail.
You roll when moving toward enemies. (Rampage)
Your long tongue fully drains potion bottles. (2x potion effects)
Your tongue gives you trouble enunciating. (1.5x scroll delay)


Message History

You block the minotaur's attack. The minotaur gores you.
You block the minotaur's attack. The minotaur gores you.
You hit the minotaur but do no damage.
The minotaur is moderately wounded.
The minotaur hits you with a +5 vampiric whip!!
The minotaur barely misses you.
You hit the minotaur but do no damage.
The minotaur is moderately wounded.
The minotaur hits you with a +5 vampiric whip.
You block the minotaur's attack.
You feel better.
You slurp down every last drop of the potion of curing!
The minotaur barely misses you.
The minotaur gores you but does no damage.
Activating: Slouch (1% risk of failure)
Press: ? - help, Dir - look around, f - activate You can feel time thicken for a moment.
Cheibriados lowers the support of your attributes as your movement quickens.
The minotaur hits you with a +5 vampiric whip!!
The minotaur draws strength from your wounds!
You block the minotaur's attack.
Activating: Slouch (1% risk of failure)
Press: ? - help, Dir - look around, f - activate You can feel time thicken for a moment.
Cheibriados lowers the support of your attributes as your movement quickens.
The minotaur hits you with a +5 vampiric whip!!
* * * LOW HITPOINT WARNING * * *
The minotaur draws strength from your wounds!
You block the minotaur's attack.
Okay, then.
You feel better.
You slurp down every last drop of the potion of curing!
The minotaur hits you with a +5 vampiric whip!
* * * LOW HITPOINT WARNING * * *
The minotaur gores you but does no damage.
Activating: Slouch (1% risk of failure)
Press: ? - help, Dir - look around, f - activate You can feel time thicken for a moment.
The minotaur hits you with a +5 vampiric whip!
You die...

..## ..≈# ..###..#
..≈##..#
..###..########
..≈##..#......####
..###..#.#.##....#
..#....#.#.#####.#
..#©...#.#.# #@#
..#......#.#.∩.H.#
∩.#....#.#.#⌠.⌠###
..#©...#.#.####
..#....#.#.#
§.###..#.#
..≈##..#.#
..###..#..
..§##..###


You could see a minotaur.

Vanquished Creatures
  Agnes (D:15)
  A hydra (Lair:1)
  Erolcha (D:11)
  3 two-headed ogres
  A catoblepas (Lair:1)
  7 centaur warriors
  3 boulder beetles
  3 death yaks (Lair:5)
  3 skysharks
  A sixfirhy (Gauntlet)
  Pikel (D:5)
  2 deep elf pyromancers
  4 ugly things
  A wolf spider (Lair:3)
  A moth of wrath (Gauntlet)
  2 manticores
  A worldbinder (Gauntlet)
  4 elephants (Lair:3)
  A merfolk siren (Lair:3)
  A black mamba (Lair:2)
  7 cane toads
  7 komodo dragons
  A tengu conjurer (D:12)
  6 trolls
  A hornet (D:11)
  12 blink frogs
  2 jumping spiders (D:11)
  A wraith (D:9)
  2 wyverns
  54 yaks
  2 water elementals (D:12)
  A steam dragon (D:6)
  A basilisk (Lair:2)
  4 redbacks
  4 vampire mosquitoes (D:14)
  8 water moccasins
  2 acid dragons
  2 orc warriors
  5 black bears
  3 ogres
  2 sky beasts
  12 wolves
  3 boggarts (Gauntlet)
  2 phantoms
  2 centaurs
  4 kobold brigands
  A gnoll sergeant (D:9)
  9 bullfrogs
  3 scorpions
  10 wights
  3 electric eels
  5 howler monkeys
  A jelly (D:5)
  5 orc priests
  2 hounds
  A sleepcap (D:6)
  5 iguanas
  8 orc wizards
  4 hell rats (Lair:2)
  4 gnolls (D:9)
  6 adders
  A shadow imp (D:5)
  A white imp (D:7)
  4 ufetubi
  6 worms
  3 dart slugs
  23 orcs
  4 endoplasms
  4 giant cockroaches
  6 hobgoblins
  7 jackals
  3 quokkas
  8 ball pythons
  5 bats
  A frilled lizard (D:2)
  5 goblins
  19 kobolds
  4 rats
  A spectral orc (D:13)
364 creatures vanquished.

Vanquished Creatures (others)
  A human (D:14)
1 creature vanquished.

Grand Total: 365 creatures vanquished

Notes
Turn   | Place    | Note
-------+----------+-------------------------------------------
     0 | D:1      | arthad the Armataur Fighter began the quest for the Orb.
     0 | D:1      | Reached XP level 1. HP: 19/19 MP: 1/1
   182 | D:1      | Reached XP level 2. HP: 26/26 MP: 2/2
   405 | D:1      | Reached skill level 4 in Armour
   805 | D:2      | Reached XP level 3. HP: 33/33 MP: 3/3
  1301 | D:2      | Reached XP level 4. HP: 40/40 MP: 4/4
  2261 | D:3      | Reached XP level 5. HP: 46/48 MP: 5/5
  2462 | D:4      | Found a staircase to the Ecumenical Temple.
  2514 | Temple   | Entered the Ecumenical Temple
  2520 | Temple   | Became a worshipper of Cheibriados the Contemplative
  2610 | D:4      | Noticed a phantom
  2623 | D:4      | Killed a phantom
  2624 | D:4      | Reached skill level 5 in Armour
  2981 | D:4      | Reached XP level 6. HP: 50/55 MP: 6/6
  3072 | D:5      | Entered Level 5 of the Dungeon
  3244 | D:5      | Reached skill level 5 in Shields
  3320 | D:5      | Found Tugoil's Specific Store.
  3323 | D:5      | Found Divoseg's General Store.
  3330 | D:5      | Bought a scroll of teleportation for 36 gold pieces
  3405 | D:5      | Noticed a sky beast
  3429 | D:5      | Killed a sky beast
  3430 | D:5      | Reached XP level 7. HP: 40/64 MP: 7/7
  3601 | D:5      | Identified the +1 leather armour "Ruottuos" {Rampage}
  3630 | D:5      | Reached * piety under Cheibriados
  3631 | D:5      | Reached skill level 6 in Armour
  3757 | D:5      | Noticed Pikel
  3779 | D:5      | HP: 3/64 [Pikel/+1 whip of freezing (3)]
  3782 | D:5      | Killed Pikel
  3783 | D:5      | Reached skill level 5 in Fighting
  3783 | D:5      | Reached XP level 8. HP: 56/72 MP: 8/8
  4019 | D:5      | Reached skill level 7 in Armour
  4287 | D:6      | Reached skill level 5 in Maces & Flails
  4977 | D:6      | Reached skill level 8 in Armour
  4977 | D:6      | Reached XP level 9. HP: 75/80 MP: 9/9
  5131 | D:6      | Reached ** piety under Cheibriados
  5576 | D:7      | Reached skill level 1 in Invocations
  5577 | D:7      | Identified the +1 ring mail of Aclorr {rPois Dex+4}
  5864 | D:7      | Identified the +1 leather armour of the Wary Tables {rN++
                  | Str+2 Dex-4 Stlth+}
  5965 | D:7      | Found an ancient bone altar of Kikubaaqudgha.
  6026 | D:8      | Reached skill level 1 in Throwing
  6501 | D:8      | Reached *** piety under Cheibriados
  6821 | D:8      | Reached skill level 9 in Armour
  6956 | D:8      | Found a radiant altar of Vehumet.
  7035 | D:8      | Reached XP level 10. HP: 78/89 MP: 12/12
  7668 | D:9      | Reached **** piety under Cheibriados
  7918 | D:9      | Reached skill level 1 in Evocations
  8522 | D:10     | Entered Level 10 of the Dungeon
  8572 | D:10     | Reached skill level 10 in Armour
  8703 | D:10     | Reached XP level 11. HP: 42/99 MP: 14/14
  8996 | D:10     | Found a transporter.
  8998 | D:10     | Noticed Loveship's ghost (novice FoFi)
  9006 | D:10     | Noticed a two-headed ogre
  9035 | D:10     | Noticed a two-headed ogre
  9037 | D:10     | Identified the +7 giant spiked club of the Crushed
                  | Nightcaps {heavy, rF- rCorr SInv}
  9037 | D:10     | Noticed a two-headed ogre
  9573 | D:11     | Found a staircase to the Orcish Mines.
  9583 | D:11     | Reached skill level 5 in Invocations
  9666 | D:11     | Noticed a deep elf pyromancer
  9679 | D:11     | Killed a deep elf pyromancer
  9679 | D:11     | Reached ***** piety under Cheibriados
  9858 | D:11     | Noticed Erolcha
  9871 | D:11     | Killed Erolcha
 10104 | D:11     | Noticed a two-headed ogre
 10112 | D:11     | Killed a two-headed ogre
 10223 | D:11     | Found a staircase to the Lair.
 10423 | D:11     | Found Jeack's Book Shop.
 10817 | D:11     | Found a runed translucent door.
 10910 | D:11     | Found a runed translucent gate.
 10910 | D:11     | Found a runed translucent gate.
 10910 | D:11     | Found a runed translucent gate.
 10910 | D:11     | Found a runed translucent gate.
 10910 | D:11     | Noticed a boulder beetle
 10910 | D:11     | Noticed a lindwurm
 10922 | D:11     | Found a runed translucent gate.
 10923 | D:11     | Found a runed translucent gate.
 11169 | D:12     | Reached skill level 10 in Shields
 11398 | D:12     | Reached skill level 11 in Armour
 11445 | D:12     | Identified a scroll of acquirement
 11453 | D:12     | Acquired a manual of Invocations
 11999 | D:13     | Noticed a centaur warrior
 11999 | D:13     | Noticed a boulder beetle
 12198 | D:13     | Noticed a centaur warrior
 12202 | D:13     | Killed a centaur warrior
 12203 | D:13     | Noticed a two-headed ogre
 12212 | D:13     | Killed a two-headed ogre
 12213 | D:13     | Reached XP level 12. HP: 63/110 MP: 16/16
 12353 | D:13     | Noticed a boulder beetle
 12368 | D:13     | Killed a boulder beetle
 12379 | D:13     | Killed a boulder beetle
 12460 | D:13     | Noticed a two-headed ogre
 12467 | D:13     | Killed a two-headed ogre
 12558 | D:13     | Killed a centaur warrior
 12776 | D:13     | Noticed a centaur warrior
 12787 | D:13     | Killed a centaur warrior
 12994 | D:13     | Found Poutaxt's Antique Weapon Boutique.
 13001 | D:13     | Bought a shimmering triple crossbow for 435 gold pieces
 13001 | D:13     | Identified the +3 triple crossbow "Taupnyto" {drain, Will-
                  | Str+4 Int+2 SInv} (You bought it in a shop on level 13 of
                  | the Dungeon)
 13020 | D:13     | Found Ceinti's Armour Emporium.
 13066 | D:13     | Found Temaonke's Antique Weapon Emporium.
 13144 | D:13     | Found a basalt altar of Yredelemnul.
 13381 | D:13     | Found Fub Zegroq's Antique Weapon Shop.
 13543 | D:14     | Noticed a centaur warrior
 13554 | D:14     | Killed a centaur warrior
 13695 | D:14     | Noticed a centaur warrior
 13726 | D:14     | Killed a centaur warrior
 14179 | D:14     | Noticed a centaur warrior
 14192 | D:14     | Killed a centaur warrior
 14193 | D:14     | Reached skill level 12 in Armour
 14277 | D:14     | Found an ancient bone altar of Kikubaaqudgha.
 14321 | D:14     | Noticed a centaur warrior
 14330 | D:14     | Killed a centaur warrior
 14666 | D:15     | Entered Level 15 of the Dungeon
 14672 | D:15     | Noticed Agnes
 14689 | D:15     | Killed Agnes
 14690 | D:15     | Reached skill level 5 in Throwing
 14897 | D:15     | Noticed a rakshasa
 14998 | Lair:1   | Entered Level 1 of the Lair of Beasts
 15328 | Lair:1   | Noticed a seven-headed hydra
 15355 | Lair:1   | Killed a seven-headed hydra
 15358 | Lair:1   | Reached XP level 13. HP: 51/118 MP: 19/19
 16400 | Lair:2   | Reached skill level 5 in Evocations
 17317 | Lair:3   | Found a hole to the Spider Nest.
 17612 | Lair:3   | Reached skill level 10 in Fighting
 17870 | Lair:3   | Found a staircase to the Shoals.
 17895 | Lair:3   | Reached skill level 10 in Invocations
 18840 | Lair:4   | You fall into a shaft and drop 1 floor!
 18840 | Lair:5   | Entered Level 5 of the Lair of Beasts
 18848 | Lair:5   | Reached ****** piety under Cheibriados
 18860 | Lair:5   | Reached skill level 10 in Maces & Flails
 18860 | Lair:5   | Reached skill level 13 in Armour
 18943 | Lair:5   | Found a gate leading to a gauntlet.
 19137 | Gauntlet | Entered a Gauntlet
 19137 | Gauntlet | Found a transporter.
 19137 | Gauntlet | Found a transporter.
 19137 | Gauntlet | Found a transporter.
 19181 | Gauntlet | Found a transporter.
 19182 | Gauntlet | Found a transporter.
 19185 | Gauntlet | Found a transporter.
 19191 | Gauntlet | Found a runed translucent gate.
 19192 | Gauntlet | Found a transporter.
 19193 | Gauntlet | Found a transporter.
 19194 | Gauntlet | Found a runed translucent gate.
 19194 | Gauntlet | Found a transporter.
 19195 | Gauntlet | Found a runed translucent gate.
 19196 | Gauntlet | Found a transporter.
 19204 | Gauntlet | Found a transporter.
 19209 | Gauntlet | Found a transporter.
 19359 | Gauntlet | Noticed an ironbound thunderhulk
 19359 | Gauntlet | Noticed an ironbound thunderhulk
 19359 | Gauntlet | Noticed a brown very ugly thing
 19368 | Gauntlet | Noticed a purple very ugly thing
 19368 | Gauntlet | Noticed a cyan very ugly thing
 19537 | Gauntlet | Identified the +2 helmet of the Ace of Swords {Stlth+}
 19745 | Gauntlet | Noticed a minotaur
 19758 | Gauntlet | Slain by a minotaur

Illustrated notes

Levels and vault maps discovered:
D:1:      minmay_arrival_arboretum_small, layout_basic
D:2:      layout_basic, serial_glass, glass_columns_b, glass_columns_b
D:3:      layout_basic
D:4:      layout_rooms, temple_green
D:5:      layout_basic, nicolae_specific_store, uniq_pikel
D:6:      layout_gridville
D:7:      layout_rooms, lemuel_round_altar
D:8:      layout_rooms, mainiacjoe_overflow_alcove_4
D:9:      layout_roguey
D:10:     layout_gridville, gammafunk_ghost_smash
D:11:     gammafunk_indiana_jones, layout_basic, grunt_lair_entry_orc_guard_hut,
          orc_0_dummy, serial_shops, nicolae_shop_tiny_waterfront, uniq_erolcha
D:12:     layout_big_octagon
D:13:     layout_loops_corners, serial_shops, nicolae_shop_trees,
          nicolae_shop_pleasant_corner_grove, shop, shop, drop_trap,
          yredelemnul_forgotten_temple_becter
D:14:     layout_roguey, ximxim_vaults_locker_room, kiku_gazebo_garden_becter
D:15:     gammafunk_enter_depths_forms, layout_irregular_city, minivault_26,
          uniq_agnes, uniq_jorgrun, uniq_roxanne
Temple:   nicolae_temple_bog_church
Lair:1:   layout_regular_city, infiniplex_staircase_pool
Lair:2:   layout_misc_corridors, chequers_serial_rivers_small_3,
          serial_bayou_shore_a
Lair:3:   layout_regular_city, minmay_shoals_entry_lonely_mermaid,
          spider_nest_entry_rubble, chequers_serial_rivers_micro_a
Lair:4:   layout_loops_ring, nicolae_slime_entry_slimehenge
Lair:5:   gammafunk_lair_ancient_temple, layout_loops_ring,
          gauntlet_entry_generic, uniq_urug, uniq_sonja
Gauntlet: minmay_gauntlet_mixed_big_or_small [gammafunk_gauntlet_arena_open,
          minmay_gauntlet_arena_77_mirror, gammafunk_gauntlet_arena_hedges,
          minmay_gauntlet_arena_77_run_for_it, gammafunk_gauntlet_arena_spirals,
          minmay_gauntlet_arena_77_block_sizes,
          dreamdust_gauntlet_exit_labyrinth]

Skill      XL: |  1  2  3  4  5  6  7  8  9 10 11 12 13 |
---------------+----------------------------------------+-----
Maces & Flails | 2 3 4 5 6 7 8 9 10 | 10.2
Armour         | 4 5 6 8 9 10 11 12 13 | 13.2
Fighting       | 3 4 5 6 7 8 9 10 | 10.4
Shields        | 4 5 6 7 8 9 10 11 12 | 12.1
Invocations    | 3 4 6 8 10 | 10.8
Throwing       | 1 3 4 5 |  5.9
Evocations     | 1 3 4 5 |  5.8

Action                     |  1- 3 |  4- 6 |  7- 9 | 10-12 | 13-15 || total
---------------------------+-------+-------+-------+-------+-------++-------
  Melee: Flail             |   125 |   133 |       |       |       ||   258
         Tailslap          |    11 |    15 |    41 |   149 |    52 ||   268
         Whip              |       |    34 |   283 |   609 |   123 ||  1049
         Morningstar       |       |       |       |       |   163 ||   163
  Throw: Dart              |       |     3 |    20 |    63 |    60 ||   146
         Javelin           |       |       |    20 |     9 |       ||    29
         Boomerang         |       |       |       |    62 |       ||    62
 Invoke: Slouch            |       |       |       |     1 |     8 ||     9
  Evoke: Wand              |       |       |       |     5 |     3 ||     8
         Phantom mirror    |       |       |       |     1 |     1 ||     2
    Use: Potion            |       |     1 |     3 |     7 |     9 ||    20
         Scroll            |       |       |       |    24 |     4 ||    28
   Stab: Paralysed         |       |       |       |    29 |       ||    29
         Sleeping          |       |       |       |     1 |       ||     1
 Armour: Scale mail        |    96 |   117 |   103 |       |       ||   316
         Ring mail         |       |       |    48 |   365 |   214 ||   627
  Dodge: Dodged            |    42 |    57 |    83 |   214 |   172 ||   568
  Block: Buckler           |    33 |    31 |    61 |   165 |   136 ||   426

Table legend: (Time is in decaauts)
 A = Elapsed time spent in this place.
 B = Non-inter-level travel time spent in this place.
 C = Inter-level travel time spent in this place.
 D = Time resting spent in this place.
 E = Time spent auto-exploring this place.
 F = Levels seen in this place.
 G = Mean time per level.
                   A        B        C        D        E       F      G
               +--------+--------+--------+--------+--------+-----+--------+
         Total |  25404 |  24659 |    745 |   1261 |  20010 |  22 | 1154.7 |
       Dungeon |  18761 |  18106 |    655 |    610 |  15106 |  15 | 1250.7 |
        Temple |     14 |      3 |     11 |      0 |      0 |   1 |   14.0 |
          Lair |   5787 |   5709 |     78 |    391 |   4586 |   5 | 1157.4 |
      Gauntlet |    841 |    841 |      0 |    260 |    316 |   1 |  841.0 |
               +--------+--------+--------+--------+--------+-----+--------+

Top non-repeatable levels by time:
    D:13: 2153 daAuts
  Lair:3: 2131 daAuts
    D:11: 2124 daAuts
  Lair:1: 1880 daAuts
     D:9: 1797 daAuts
     D:6: 1532 daAuts
    D:14: 1447 daAuts
     D:5: 1424 daAuts
    D:12: 1409 daAuts
    D:10: 1349 daAuts
  Lair:2: 1278 daAuts
     D:8: 1243 daAuts
     D:3: 882 daAuts
Gauntlet: 841 daAuts
     D:1: 821 daAuts
